 Dungeon Crawl Stone Soup version 0.25-a0-424-g80bd347ae0 (webtiles) character file.

Game seed: 1056686047738327284, levelgen mode: deterministic

1864 Gargoyl the Chopper (level 8, -3/67 HPs)
             Began as a Centaur Abyssal Knight on Jan 23, 2020.
             Was a Priest of Lugonu.
             Slain by a killer bee (7 damage)
             ... on level 7 of the Dungeon.
             The game lasted 00:07:28 (7049 turns).

Gargoyl the Chopper (Centaur Abyssal Knight)        Turns: 7049, Time: 00:07:29

Health: -3/67      AC: 12    Str: 14 (16) XL:     8   Next: 90%
Magic:  11/11      EV:  3    Int:  8 (11) God:    Lugonu [***...]
Gold:   391        SH:  6    Dex:  8 (10) Spells: 7/7 levels left

rFire    . . .     SeeInvis .   a - +5 hand axe
rCold    . . .     Gourm    .   (no shield)
rNeg     . . .     Faith    .   e - +1 plate armour
rPois    .         Spirit   .   (no helmet)
rElec    .         Reflect  +   b - +0 cloak
rCorr    .         Harm     .   (no gloves)
MR       .....                  (no barding)
Stlth    ..........             m - +6 amulet of reflection
HPRegen  0.21/turn              (no ring)
MPRegen  0.12/turn              (no ring)

@: lethally poisoned (-3 -> -38), very quick
A: large, hooves 3, deformed body, speed 2, tough skin 3
a: Depart the Abyss, Bend Space, Banish, Renounce Religion


You were on level 7 of the Dungeon.
You worshipped Lugonu.
Lugonu was most pleased with you.
You were very hungry.

You visited 1 branch of the dungeon, and saw 7 of its levels.
You visited the Abyss 1 time.

You collected 391 gold pieces.

Inventory:

Hand Weapons
 a - a +5 hand axe (weapon)
Missiles
 p - 3 boomerangs (quivered)
Armour
 b - a +0 cloak (worn)
 e - a +1 plate armour (worn)
Jewellery
 m - a +6 amulet of reflection (around neck)
Wands
 q - a wand of random effects (19)
Scrolls
 g - a scroll of fog
 h - a scroll of blinking
 i - 3 scrolls of remove curse
 j - 2 scrolls of identify
 l - a scroll of magic mapping
 s - a scroll of summoning
Potions
 d - 2 potions of heal wounds
 f - a potion of haste
 k - a potion of flight
 o - a potion of degeneration
 r - 2 potions of curing
Comestibles
 c - 16 rations


   Skills:
 + Level 4.9 Fighting
 + Level 5.9 Axes
 * Level 5.0 Armour
 * Level 3.2 Dodging
 * Level 5.0 Invocations


You had 7 spell levels left.
You didn't know any spells.
Your spell library was empty.

Dungeon Overview and Level Annotations

Branches:
Dungeon (7/15)
 Temple: D:4-7

Altars:
Ashenzari
Gozag
Nemelex Xobeh
Yredelemnul
Zin
The Shining One

Annotations:
D:4 1 runed translucent door
D:5 1 runed translucent door


Innate Abilities, Weirdness & Mutations

You have hooves in place of feet.
Armour fits poorly on your strangely shaped body.
You cover ground very quickly.
You have extremely tough skin. (AC +3)


Message History

Your plate armour prevents you from hitting the killer bee.
You feel sick.
The killer bee stings you but does no damage.
The killer bee stings you.
You are more poisoned.
The killer bee poisons you! The killer bee stings you. x2
You are more poisoned.
The killer bee poisons you!
You closely miss the killer bee.
Your plate armour prevents you from hitting the killer bee.
* * * LOW HITPOINT WARNING * * *
You feel sick. The killer bee stings you.
* * * LOW HITPOINT WARNING * * *
The killer bee stings you!
* * * LOW HITPOINT WARNING * * *
The killer bee stings you.
* * * LOW HITPOINT WARNING * * *
You are more poisoned.
The killer bee poisons you! The killer bee stings you!
You die...

######### ##..<#.<.##
##....^....######
#...............#...#
#...........#####./.#
#...........#####...#
##......>......##...#
##...#...####@y#...#
######### ##y#...#
#†#...# #.#...#...
#..........
#..[.#......
....##.......y ...###
#........ #.#
#........


You could see 2 killer bees.

Vanquished Creatures
  Pikel (D:3)
  Sigmund (D:5)
  Duvessa (D:5)
  An ice beast (D:5)
  A black bear (D:6)
  2 centaurs
  Blork the orc (D:5)
  A bullfrog (D:6)
  Dowan (D:5)
  2 killer bees (D:7)
  A centaur zombie (D:6)
  A crimson imp (D:5)
  A jelly (D:6)
  A hound (D:6)
  A bullfrog skeleton (D:6)
  An orc priest (D:4)
  3 orc wizards
  Crazy Yiuf (D:5)
  A hound zombie (D:3)
  A howler monkey zombie (D:4)
  4 gnolls
  A howler monkey skeleton (D:5)
  6 adders
  An ooze (D:3)
  3 worms
  3 dart slugs (D:2)
  4 leopard geckos
  16 orcs
  8 giant cockroaches
  9 hobgoblins
  3 jackals (D:2)
  2 quokkas
  7 bats
  7 frilled lizards
  6 goblins
  A goblin skeleton (D:4)
  6 kobolds
  A leopard gecko skeleton (D:5)
  10 rats
122 creatures vanquished.

Vanquished Creatures (collateral kills)
  A worker ant (D:5)
1 creature vanquished.

Vanquished Creatures (others)
  2 slaves (D:5)
  A centaur (D:5)
  A crimson imp (D:5)
  An iguana (D:5)
  A quokka (D:5)
6 creatures vanquished.

Grand Total: 129 creatures vanquished

Notes
Turn   | Place    | Note
-------+----------+-------------------------------------------
     0 | Abyss:1  | Gargoyl the Centaur Abyssal Knight began the quest for the
                  | Orb.
     0 | Abyss:1  | Reached XP level 1. HP: 19/19 MP: 2/2
   134 | Abyss:2  | Noticed a starcursed mass
   141 | Abyss:2  | Noticed a smoke demon
   155 | Abyss:2  | Noticed a komodo dragon
   176 | D:1      | Escaped the Abyss
   421 | D:1      | Reached * piety under Lugonu
   450 | D:1      | Reached XP level 2. HP: 16/26 MP: 3/3
  1293 | D:2      | Reached skill level 1 in Dodging
  1293 | D:2      | Reached XP level 3. HP: 13/31 MP: 4/4
  2033 | D:2      | Reached XP level 4. HP: 40/40 MP: 5/5
  2125 | D:2      | Found a sparkling altar of Nemelex Xobeh.
  2125 | D:2      | Found an opulent altar of Gozag.
  2138 | D:2      | Reached ** piety under Lugonu
  3019 | D:2      | Reached XP level 5. HP: 12/46 MP: 7/7
  4403 | D:4      | Found a runed translucent door.
  4403 | D:4      | Noticed a human
  4408 | D:4      | Found a basalt altar of Yredelemnul.
  4429 | D:4      | Reached XP level 6. HP: 28/52 MP: 8/8
  5078 | D:5      | Entered Level 5 of the Dungeon
  5078 | D:5      | Noticed Pikel
  5078 | D:5      | Noticed a slave
  5078 | D:5      | Noticed a slave
  5078 | D:5      | Noticed a slave
  5078 | D:5      | Noticed a slave
  5137 | D:3      | Killed Pikel
  5137 | D:3      | Reached XP level 7. HP: 29/60 MP: 8/10
  5331 | D:5      | Reached *** piety under Lugonu
  5406 | D:5      | Noticed Duvessa
  5406 | D:5      | Noticed Dowan
  5416 | D:5      | Killed Duvessa
  5425 | D:5      | Reached XP level 8. HP: 67/67 MP: 11/11
  5434 | D:5      | Killed Dowan
  5545 | D:5      | Found a glowing golden altar of the Shining One.
  5546 | D:5      | Found a runed translucent door.
  5546 | D:5      | Noticed an angel
  5665 | D:5      | Reached skill level 5 in Axes
  5745 | D:5      | Noticed Sigmund
  5761 | D:5      | Killed Sigmund
  5963 | D:5      | Noticed Blork the orc
  5974 | D:5      | Killed Blork the orc
  5994 | D:5      | Found a glowing silver altar of Zin.
  6154 | D:5      | Found a runed translucent door.
  6155 | D:5      | Noticed Crazy Yiuf
  6275 | D:5      | Killed Crazy Yiuf
  6582 | D:6      | Found a shattered altar of Ashenzari.
  6624 | D:6      | Reached skill level 5 in Armour
  6624 | D:6      | Reached skill level 5 in Invocations
  7049 | D:7      | Slain by a killer bee

Levels and vault maps discovered:
D:1:      lightli_arrival_quake, layout_basic
D:2:      layout_rooms, grunt_temple_overflow_opulence
D:3:      mumra_celtic_spiral_tile, layout_loops_ring, first_ration, minivault_4
D:4:      layout_cave_pools, dk_yredelemnul_ordeal
D:5:      layout_basic, nicolae_overflow_crystal_walls, lemuel_angel_altar,
          uniq_blork_the_orc, uniq_pikel, uniq_crazy_yiuf_cottage, uniq_duvessa,
          uniq_sigmund
D:6:      layout_loops_ring, evilmike_ruin_ashenzari
D:7:      layout_rooms, lemuel_blue_sif_altar, lemuel_crystal_altar,
          minmay_temple_entry_offerings

Skill      XL: |  1  2  3  4  5  6  7  8 |
---------------+-------------------------+-----
Axes           | 2 3 4 5 |  5.9
Dodging        | 1 2 3 |  3.2
Armour         | 2 4 5 |  5.0
Invocations    | 3 4 5 |  5.0
Fighting       | 4 |  4.9

Action                   |  1- 3 |  4- 6 |  7- 9 || total
-------------------------+-------+-------+-------++-------
Melee: Hand axe          |   112 |   199 |   122 ||   433
       Kick              |    15 |    39 |    27 ||    81
Invok: Depart the Abyss  |     1 |       |       ||     1
  Use: Scroll            |     6 |     9 |     4 ||    19
       Potion            |       |     1 |     2 ||     3
  Eat: Chunk             |     1 |    10 |     4 ||    15
Armor: Plate armour      |   116 |   165 |    81 ||   362
Dodge: Dodged            |    12 |    20 |    21 ||    53
Block: Other             |       |    18 |    30 ||    48
       Reflection        |       |     1 |       ||     1

Table legend:
 A = Non-vault XP
 B = Vault XP
 C = Vault XP percentage of total XP
 D = Non-vault monster count
 E = Vault monster count
 F = Vault count percentage of total count
                 A         B        C        D         E       F
            +---------+---------+-------+---------+---------+-------
      Total |    1454 |    1209 |  45.4 |     116 |       7 |   5.7
            +---------+---------+-------+---------+---------+-------
        D:1 |      29 |       0 |   0.0 |      19 |       0 |   0.0
        D:2 |     112 |       0 |   0.0 |      31 |       0 |   0.0
        D:3 |     176 |     673 |  79.3 |      28 |       1 |   3.4
        D:4 |     228 |       1 |   0.4 |      12 |       1 |   7.7
        D:5 |     385 |     535 |  58.2 |      15 |       5 |  25.0
        D:6 |     400 |       0 |   0.0 |       9 |       0 |   0.0
        D:7 |     124 |       0 |   0.0 |       2 |       0 |   0.0
            +---------+---------+-------+---------+---------+-------
